 Dungeon Crawl Stone Soup version 0.29.1 (webtiles) character file.

Game seed: 10072388825332864275

77 fingers the Chopper (level 4, -2/29 HPs)
             Began as a Tengu Berserker on Sept 13, 2022.
             Was a Follower of Zin.
             Slain by a polar bear (3 damage)
             ... created by the rage of Trog
             ... on level 2 of the Dungeon.
             The game lasted 00:03:27 (2373 turns).

fingers the Chopper (Tengu Berserker)               Turns: 2373, Time: 00:03:31

Health: -2/29      AC:  8    Str: 20    XL:     4   Next: 33%
Magic:  5/5        EV:  8    Int:  7    God:    Zin [*.....]
Gold:   74         SH:  0    Dex: 13    Spells: 3/3 levels left

rFire   . . .      SeeInvis .   f - +0 quarterstaff
rCold   . . .      Faith    .   (shield currently unavailable)
rNeg    . . .      Spirit   .   p - +0 chain mail
rPois   .          Reflect  +   (helmet restricted)
rElec   .          Harm     .   (no cloak)
rCorr   .          Rampage  .   (no gloves)
Will    .....                   (boots unavailable)
Stlth   ..........              d - amulet of reflection
HPRegen 0.09/turn               (no ring)
MPRegen 0.09/turn               (no ring)

@: confused
A: beak, talons 3
a: Renounce Religion, Recite, Donate Gold


You were on level 2 of the Dungeon.
You worshipped Zin.
Zin was aware of your devotion.
You visited 1 branch of the dungeon, and saw 3 of its levels.

You collected 82 gold pieces.
You donated 8 gold pieces to Zin.

Inventory:

Hand Weapons
 a - a +0 hand axe
 e - a +0 whip
 f - a +0 quarterstaff (weapon)
Missiles
 l - a throwing net
 o - 3 silver javelins
Armour
 b - a +0 animal skin
 p - a +0 chain mail (worn)
Jewellery
 d - an amulet of reflection (around neck)
 n - a +6 ring of strength
Scrolls
 c - a scroll of teleportation {unknown}
 h - a scroll of magic mapping {unknown}
 i - 3 scrolls of amnesia {unknown}
 k - a scroll of identify {unknown}
 m - a scroll of torment {unknown}
Potions
 g - 2 potions of heal wounds {unknown}
 j - a potion of degeneration {unknown}


   Skills:
 + Level 3.7 Fighting
 - Level 4.0 Axes
 * Level 1.4 Staves
 + Level 2.4 Armour
 + Level 2.8 Dodging
 + Level 0.2 Invocations


You had 3 spell levels left.
You didn't know any spells.
Your spell library contained the following spells:

 Spells                   Type           Power      Damage    Failure   Level
 Apportation              Tloc           0%         N/A       99%         1
 Necrotise                Necr           0%         1d4       99%         1
 Summon Small Mammal      Summ           0%         N/A       99%         1


Dungeon Overview and Level Annotations

Branches:
Dungeon (3/15)

Altars:
Zin

Shops:
D:1 (


Innate Abilities, Weirdness & Mutations

You have a beak for a mouth.
You have claws for feet.


Message History

You continue taking off your +0 animal skin. x4
You finish taking off your +0 animal skin.
You start putting on your armour.
You continue putting on your +0 chain mail. x5
You finish putting on your +0 chain mail.
Trog's voice booms out, "Feel my wrath!"
You suddenly feel lethargic!
You feel yourself slow down. As you open the door, it creaks loudly!
There is an open door here.
There is an open door here.
You can no longer call upon Zin for vitalisation.
There is an open door here.
You see here an adder corpse.
There is an open door here.
A rat comes into view.
A rat is nearby!
You hit the rat.
You kill the rat!
You feel yourself speed up. Trog sends monsters to punish you.
The divine experience confuses you!
You are confused. 3 polar bears and a black bear come into view.
You sock the polar bear! Your kick misses the polar bear.
The polar bear is lightly wounded.
The polar bear rages.
The polar bear bites you!!
Ouch! That really hurt!
* * * LOW HITPOINT WARNING * * *
The polar bear barely misses you.
The polar bear claws you but does no damage.
The polar bear bites you but does no damage.
The polar bear barely misses you.
The polar bear claws you but does no damage.
The black bear rages.
The polar bear barely misses you. The polar bear closely misses you.
The polar bear claws you.
* * * LOW HITPOINT WARNING * * *
The polar bear bites you.
You die...

#.# #># #..... #.# #.# #.####
####.# ####.# ##'## # #....#
####....# ##...### #.####
#......## ##.....## #.##.##
#.##.#.## ##.......#
#.#...#######.##....####.......^.
.................h.....+.........
#.#...#######.##@h..####....†....
#.##.### #.##h#.## ##.......#
#......# #...h..# ##.....##
######.# ####.### ##...## #.# #.#
##'## #.# #.# #..## #.# #.#
##...## #.# #.# ##.....# ######.#
#.# ##.......


You could see 3 polar bears and a black bear (berserk).

Vanquished Creatures
  2 adders (D:2)
  2 dart slugs (D:1)
  3 ball pythons
  3 endoplasms
  3 giant cockroaches (D:1)
  4 goblins
  5 hobgoblins
  12 jackals
  2 kobolds (D:1)
  2 quokkas (D:1)
  3 bats
  3 frilled lizards
  3 rats
47 creatures vanquished.

Vanquished Creatures (others)
  A plant (D:1)
1 creature vanquished.

Grand Total: 48 creatures vanquished

Notes
Turn   | Place    | Note
-------+----------+-------------------------------------------
     0 | D:1      | fingers the Tengu Berserker began the quest for the Orb.
     0 | D:1      | Reached XP level 1. HP: 14/14 MP: 2/2
   200 | D:1      | Reached XP level 2. HP: 19/19 MP: 3/3
   575 | D:1      | Found Roomuu's Weapon Emporium.
   587 | D:1      | Reached skill level 4 in Axes
   587 | D:1      | Reached XP level 3. HP: 23/23 MP: 4/4
  1339 | D:2      | Found a faded altar of an unknown god.
  1356 | D:2      | Prayed at the altar of an unknown god.
  1356 | D:2      | Fell from the grace of Trog
  1356 | D:2      | Became a worshipper of Zin the Law-Giver
  1356 | D:2      | Reached * piety under Zin
  1747 | D:2      | Reached skill level 1 in Staves
  1957 | D:2      | Reached ** piety under Zin
  2008 | D:2      | Reached XP level 4. HP: 26/29 MP: 5/5
  2371 | D:2      | Noticed a polar bear
  2371 | D:2      | Noticed a polar bear
  2371 | D:2      | Noticed a polar bear
  2371 | D:2      | Noticed a black bear
  2373 | D:2      | HP: 1/29 [polar bear[the rage of Trog] (4)]
  2373 | D:2      | Slain by a polar bear

Illustrated notes

Levels and vault maps discovered:
D:1:      dpeg_arrival_subterranean_lakeside_camping, layout_basic,
          serial_forest, infiniplex_forest_end_2, infiniplex_forest_straight_1,
          infiniplex_forest_clump_tiny, infiniplex_forest_straight_2,
          serial_shops, nicolae_shop_advertising_works
          [nicolae_subvault_shop_adworks], minmay_misc_feat_columns
D:2:      layout_loops_corners, nicolae_ecumenical_oubliette, st_stairs_1
D:3:      layout_basic, tgw_kikubaaqudgha, amcnicky_altar_gilded

Skill      XL: |  1  2  3 |
---------------+----------+-----
Axes           | 4 |  4.0
Staves         | 1 |  1.4
Fighting       | |  3.7
Armour         | |  2.4
Dodging        | |  2.8
Invocations    | |  0.2

Action                   |  1- 3 |  4- 6 || total
-------------------------+-------+-------++-------
Melee: Hand axe          |    36 |       ||    36
       Kick              |    21 |     1 ||    22
       Punch             |     2 |       ||     2
       Peck              |     3 |       ||     3
       Quarterstaff      |    40 |    12 ||    52
Invok: Berserk           |     1 |       ||     1
       Recite            |     2 |       ||     2
Armor: Animal skin       |    10 |     1 ||    11
       Chain mail        |       |     3 ||     3
Dodge: Dodged            |    44 |    11 ||    55
Block: Other             |    12 |       ||    12
